 Dungeon Crawl Stone Soup version 0.28.0-43-g3370ac3207 (webtiles) character file.

Game seed: 11530092031957179155

40 graymark the Skirmisher (level 3, -6/34 HPs)
             Began as a Naga Chaos Knight on Mar 2, 2022.
             Was a Plaything of Xom.
             Mangled by Natasha (8 damage)
             ... on level 2 of the Dungeon.
             The game lasted 00:01:23 (1245 turns).

graymark the Skirmisher (Naga Chaos Knight)         Turns: 1245, Time: 00:01:24

Health: -6/34      AC:  4    Str: 16    XL:     3   Next: 50%
Magic:  3/3        EV:  9    Int: 12    God:    Xom [..*...]
Gold:   37         SH:  0    Dex: 10    Spells: 2/2 levels left

rFire   . . .      SeeInvis +   a - +0 spear (chaos)
rCold   . . .      Faith    .   (no shield)
rNeg    . . .      Spirit   .   b - +2 leather armour
rPois   +          Reflect  .   (no helmet)
rElec   .          Harm     .   (no cloak)
rCorr   .          Rampage  .   (no gloves)
Will    .....                   (no barding)
Stlth   +.........              (no amulet)
HPRegen 0.11/turn               (no ring)
MPRegen 0.08/turn               (no ring)

@: slowed, very slow
A: AC +1, large, see invisible, deformed body, poison resistance, slowness 2,
spit poison 1, naga tail 1
a: Spit Poison, Renounce Religion


You were on level 2 of the Dungeon.
You worshipped Xom.
You were a toy of Xom.
You visited 1 branch of the dungeon, and saw 2 of its levels.

You collected 37 gold pieces.

Inventory:

Hand Weapons
 a - a +0 spear of chaos (weapon)
Armour
 b - a +2 leather armour (worn)
Jewellery
 e - an amulet of magic regeneration
Scrolls
 d - 2 scrolls of noise {unknown}
 f - a scroll of identify {unknown}
 g - a scroll of immolation {unknown}
 j - a scroll of teleportation {unknown}
Potions
 c - 2 potions of heal wounds {unknown}
 h - a potion of degeneration {unknown}
 i - a potion of curing {unknown}


   Skills:
 * Level 3.4 Fighting
 * Level 3.3 Polearms
 * Level 2.0 Armour
 * Level 1.2 Dodging
 + Level 1.4 Stealth


You had 2 spell levels left.
You didn't know any spells.
Your spell library contained the following spells:

 Spells                   Type           Power      Damage    Failure   Level
 Animate Skeleton         Necr           0%         N/A       38%         1
 Apportation              Tloc           0%         N/A       38%         1
 Summon Small Mammal      Summ           0%         N/A       38%         1


Dungeon Overview and Level Annotations

Branches:
Dungeon (2/15)

Altars:

Annotations:
D:2 Natasha


Innate Abilities, Weirdness & Mutations

Your serpentine skin is tough. (AC +1)
You have supernaturally acute eyesight. (SInv)
Armour fits poorly on your strangely shaped body.
Your system is resistant to poisons. (rPois)
You cover ground very slowly.
You can spit poison.
You have a snake-like lower body.


Message History

You now have 37 gold pieces (gained 13).
Found a stone staircase leading up.
Natasha and an endoplasm come into view.
The endoplasm moves out of view.
Natasha hisses angrily.
A kobold comes into view. It is wielding a +0 club.
There is a stone staircase leading up here.
Found a scroll labelled IRAORU FAARIF.
Found a stone staircase leading down.
The kobold shouts!
Natasha stares at you and mumbles some strange words.
You feel yourself slow down.
There is a stone staircase leading up here.
Natasha drinks a potion.
Natasha seems to grow stronger.
The endoplasm freezes you.
You are frozen.
The endoplasm closely misses you.
Natasha mumbles some strange words.
You barely miss the endoplasm. The endoplasm closely misses you.
The endoplasm freezes you.
You are frozen.
You hit the endoplasm.
You kill the endoplasm!
Natasha casts a spell at you. The magic dart hits you!
You hit Natasha.
Natasha's magic leaks into the air.
Natasha is lightly wounded.
Natasha's magic is no longer disrupted.
Natasha howls an incantation.
Natasha shimmers violently.
Natasha claws you!
* * * LOW HITPOINT WARNING * * *
You hit Natasha. You burn Natasha.
Natasha is moderately wounded.
Natasha claws you!
* * * LOW HITPOINT WARNING * * *
You barely miss Natasha.
Natasha is moderately wounded.
Natasha closely misses you. Natasha claws you!
You die...
Xom guffaws!

########### #.........#
#.........#
########.........#
#................# #
#.#.........†....# ...
#................#
.....#######........#######
?......5Kh@....##+#.#
>.......#########.#.#
........# #.#.# ........#
#.#.####### ........#
#.........# ........#
#.........' ........#
#.........# ........#
#.......... #..........


You could see Natasha (strong), a shadow imp (summoned) and a kobold.

Vanquished Creatures
  An adder (D:2)
  A dart slug (D:1)
  2 ball pythons (D:1)
  3 endoplasms (D:2)
  4 giant cockroaches
  4 hobgoblins (D:1)
  3 quokkas
  3 bats
  A frilled lizard (D:1)
  2 rats
24 creatures vanquished.

Vanquished Creatures (collateral kills)
  A dart slug (D:2)
1 creature vanquished.

Grand Total: 25 creatures vanquished

Notes
Turn   | Place    | Note
-------+----------+-------------------------------------------
     0 | D:1      | graymark the Naga Chaos Knight began the quest for the Orb.
     0 | D:1      | Reached XP level 1. HP: 21/21 MP: 1/1
   249 | D:1      | XOM: silly message
   323 | D:1      | Reached skill level 1 in Dodging
   323 | D:1      | Reached XP level 2. HP: 28/28 MP: 2/2
   467 | D:1      | XOM: smoke on damage
   578 | D:1      | XOM: silly message
   583 | D:1      | Reached skill level 1 in Stealth
   931 | D:2      | Reached XP level 3. HP: 30/34 MP: 3/3
  1235 | D:2      | Noticed Natasha
  1245 | D:2      | Mangled by Natasha

Illustrated notes

Levels and vault maps discovered:
D:1:      dpeg_arrival_radiant, layout_basic, dk_noncrumbling_3
D:2:      layout_basic, basic_altar, uniq_robin, uniq_natasha

Skill      XL: |  1  2  3 |
---------------+----------+-----
Dodging        | 1 |  1.2
Stealth        | 1 |  1.4
Armour         | 2 |  2.0
Fighting       | |  3.4
Polearms       | |  3.3

Action                   || total
-------------------------++-------
Melee: Spear             ||    79
       Punch             ||     1
Armor: Leather armour    ||    17
Dodge: Dodged            ||    29
